 Dungeon Crawl Stone Soup version 0.31.0-9-g3a7656b989 (webtiles) character file.

Game seed: 10626965254713390178

136 qw the Ducker (level 4, 0/23 HPs)
             Began as a Spriggan Hunter on Feb 2, 2024.
             Incinerated by a bombardier beetle (4 damage)
             ... with a burning spray
             ... on level 4 of the Dungeon.
             The game lasted 00:00:08 (2380 turns).

qw the Ducker (Spriggan Hunter)                     Turns: 2380, Time: 00:00:09

Health: 0/23       AC:  5    Str:  7      XL:     4   Next: 98%
Magic:  5/5        EV: 20    Int:  8 (10) God:
Gold:   191        SH:  0    Dex: 19 (20) Spells: 3/3 levels left

rFire   . . .        a - +0 shortbow
rCold   . . .        (shield currently unavailable)
rNeg    . . .        c - +0 robe
rPois   .            (helmet restricted)
rElec   .            g - +2 cloak
rCorr   .            (gloves unavailable)
SInv    +            (boots unavailable)
Will    .....        (no amulet)
Stlth   +            (no ring)
HPRegen 0.23/turn    (no ring)
MPRegen 0.09/turn

%: no passive effects
@: on fire, glowing, very quick
A: very small, no large weapons, unfitting armour, see invisible, speed 3
a: no special abilities


You were on level 4 of the Dungeon.
You visited 1 branch of the dungeon, and saw 4 of its levels.

You collected 191 gold pieces.


Innate Abilities, Weirdness & Mutations

You are very small and have problems with some larger weapons.
You are too small for most types of armour.
You have supernaturally acute eyesight. (SInv)
You cover ground extremely quickly. (Speed+++)


   Skills:
 - Level 2.0 Fighting
 + Level 5.0 Ranged Weapons
 - Level 5.3 Dodging
 - Level 1.5 Stealth


You had 3 spell levels left.
You didn't know any spells.
Your spell library was empty.

Inventory:

Hand Weapons
 a - a +0 shortbow (weapon)
Armour
 c - a +0 robe (worn)
 g - a +2 cloak (worn)
Wands
 i - a wand of charming (8)
Scrolls
 b - a scroll of identify
 d - a scroll of torment {unknown}
 e - a scroll of immolation {unknown}
Potions
 f - a potion of lignification {unknown}
 h - a potion of haste {unknown}

Dungeon Overview and Level Annotations

Branches:
Dungeon (4/15)
 Temple: D:4-7

Altars:

Shops:
D:2 (


Message History

You shoot an arrow. The arrow closely misses the hobgoblin.
The hobgoblin hits you but does no damage.
You shoot an arrow. The arrow closely misses the hobgoblin.
The hobgoblin closely misses you.
You shoot an arrow. The arrow barely misses the hobgoblin.
The hobgoblin barely misses you. The hobgoblin completely misses you.
You shoot an arrow. The arrow hits the hobgoblin.
You kill the hobgoblin!
A bombardier beetle comes into view.
You shoot an arrow.
The arrow barely misses the bombardier beetle.
You shoot an arrow.
The arrow hits the bombardier beetle but does no damage.
You shoot an arrow. The arrow hits the bombardier beetle.
The bombardier beetle is lightly wounded.
You shoot an arrow. The arrow hits the bombardier beetle.
The bombardier beetle is lightly wounded.
You shoot an arrow.
The arrow hits the bombardier beetle but does no damage.
The bombardier beetle is lightly wounded.
The bombardier beetle sprays incendiary fluid at you.
The burning spray hits you.
You are covered in liquid fire!
You shoot an arrow.
The arrow barely misses the bombardier beetle.
The liquid fire burns you!
You shoot an arrow.
The arrow hits the bombardier beetle but does no damage.
The bombardier beetle is lightly wounded.
The liquid fire burns you!
You shoot an arrow. The arrow hits the bombardier beetle.
The bombardier beetle is moderately wounded.
The liquid fire burns you!
You shoot an arrow. The arrow hits the bombardier beetle.
The bombardier beetle is heavily wounded.
The liquid fire burns you!
You shoot an arrow. The arrow hits the bombardier beetle!
The bombardier beetle is almost dead.
The liquid fire burns you!
You die...

#......# #......#
##......########
#..#.....##....#
#..#.....##....# ..
#.###........### ....
##.# #......###
.....##..####.....#
.....B.@..###.....##
.......%...###.....#
.#..#..............##
..##................#
. #................##
#..................#
#...............[..###
#.............##......
.............####..^..


You could see a bombardier beetle.

Vanquished Creatures
  An orc priest (D:4)
  5 adders
  A dart slug (D:1)
  2 ribbon worms
  8 orcs
  2 bats (D:3)
  5 endoplasms
  4 giant cockroaches
  2 hobgoblins
  3 jackals (D:2)
  3 quokkas
  5 ball pythons
  A frilled lizard (D:2)
  A goblin (D:4)
  4 kobolds
  A rat (D:2)
48 creatures vanquished.

Notes
Turn   | Place    | Note
-------+----------+-------------------------------------------
     0 | D:1      | qw the Spriggan Hunter began the quest for the Orb.
     0 | D:1      | Reached XP level 1. HP: 10/10 MP: 2/2
     0 | D:1      | 0 ||| qw: Version: 0.3-a-155-g5e7d8dd
     0 | D:1      | 0 ||| qw: Game counter: 2636
     0 | D:1      | 0 ||| qw: Melee chars always use a shield: true
     0 | D:1      | 0 ||| qw: God list: Okawaru
     0 | D:1      | 0 ||| qw: Allow faded altars: false
     0 | D:1      | 0 ||| qw: Do Orc after clearing Dungeon:15 true
     0 | D:1      | 0 ||| qw: Do second Lair branch before Depths: true
     0 | D:1      | 0 ||| qw: Lair rune preference: random
     0 | D:1      | 0 ||| qw: Goals: Normal
     0 | D:1      | 0 ||| PLANNING D:1-11
   112 | D:1      | Reached skill level 3 in Dodging
   178 | D:1      | Reached XP level 2. HP: 14/14 MP: 3/3
   497 | D:1      | Found a faded altar of an unknown god.
   594 | D:1      | 594 ||| UPGRADING to +0 cloak.
   599 | D:1      | 599 ||| READING scroll labelled GUVIEN OJOIPS.
   600 | D:1      | 600 ||| DROPPING scroll of butterflies.
   815 | D:2      | Found Zyty's Antique Weapon Boutique.
   981 | D:2      | Reached XP level 3. HP: 18/18 MP: 4/4
  1178 | D:2      | You fall into a shaft and drop 1 floor!
  1179 | D:3      | 1179 ||| READING 2 scrolls labelled ERAUCLETHRA.
  1179 | D:3      | 1179 ||| ENCHANTING +0 cloak.
  1180 | D:3      | 1180 ||| READING scroll of enchant armour.
  1180 | D:3      | 1180 ||| ENCHANTING +1 cloak.
  1181 | D:3      | 1181 ||| DRINKING 2 amethyst potions.
  1182 | D:3      | 1182 ||| DROPPING potion of attraction.
  1648 | D:3      | HP: 4/18 [orc/+0 war axe (9)]
  2072 | D:3      | 2072 ||| READING scroll labelled TIHAKLEPOMN.
  2077 | D:3      | 2077 ||| READING scroll labelled GOEDWE VEUG.
  2077 | D:3      | 2077 ||| IDENTIFYING inky potion
  2078 | D:3      | 2078 ||| DRINKING 2 fuming dark potions.
  2079 | D:3      | 2079 ||| DROPPING potion of brilliance.
  2080 | D:3      | 2080 ||| DROPPING potion of degeneration.
  2094 | D:4      | 2094 ||| STAIRDANCE
  2110 | D:3      | Reached XP level 4. HP: 14/22 MP: 5/5
  2379 | D:4      | HP: 4/23 [burnt (6)]
  2380 | D:4      | Incinerated by a bombardier beetle

Levels and vault maps discovered:
D:1:      dpeg_chamrin_arrival_tetris, layout_basic,
          chequers_ecumenical_altar_grove
D:2:      layout_basic, serial_shops, shop, chequers_serial_rivers_large_a
D:3:      layout_loops_ring
D:4:      layout_cave_pods, jmf_multi_god_temple2, serial_shops,
          nicolae_shop_tiny_waterfront, minmay_crossroads, uniq_edmund

Skill      XL: |  1  2  3  4 |
---------------+-------------+-----
Dodging        | 3 4 5 |  5.3
Ranged Weapons | 5 |  5.0
Fighting       | 2 |  2.0
Stealth        | |  1.5

Action                     |  1- 3 |  4- 6 || total
---------------------------+-------+-------++-------
   Fire: Shortbow          |   135 |    57 ||   192
    Use: Scroll            |     5 |       ||     5
         Potion            |     2 |       ||     2
 Armour: Robe              |    15 |     3 ||    18
  Dodge: Dodged            |    67 |    16 ||    83

Table legend:
 A = Non-vault XP
 B = Vault XP
 C = Vault XP percentage of total XP
 D = Non-vault monster count
 E = Vault monster count
 F = Vault count percentage of total count
                 A         B        C        D         E       F
            +---------+---------+-------+---------+---------+-------
      Total |     195 |       0 |   0.0 |      48 |       0 |   0.0
            +---------+---------+-------+---------+---------+-------
        D:1 |      20 |       0 |   0.0 |      10 |       0 |   0.0
        D:2 |      34 |       0 |   0.0 |      14 |       0 |   0.0
        D:3 |      43 |       0 |   0.0 |      12 |       0 |   0.0
        D:4 |      98 |       0 |   0.0 |      12 |       0 |   0.0
            +---------+---------+-------+---------+---------+-------
